 Dungeon Crawl Stone Soup version 0.26-b1-32-g5d43845318 (webtiles) character file.

Game seed: 15781075527439737758

100 Borgoz the Skirmisher (level 4, -2/40 HPs)
             Began as a Ghoul Monk on Jan 13, 2021.
             Slain by a gnoll
             ... wielding a +0 flail
              (7 damage)
             ... on level 2 of the Dungeon.
             The game lasted 00:01:39 (1824 turns).

Borgoz the Skirmisher (Ghoul Monk)                  Turns: 1824, Time: 00:01:39

Health: -2/40      AC:  2    Str: 14 (15) XL:     4   Next: 73%
Magic:  3/3        EV: 13    Int:  5      God:
Gold:   39         SH:  0    Dex:  9 (11) Spells: 3/3 levels left

rFire    . . .     SeeInvis .   a - +0 falchion
rCold    + . .     Faith    .   (no shield)
rNeg     + + +     Spirit   .   b - +0 robe
rPois    ∞         Reflect  .   (no helmet)
rElec    .         Harm     .   (no cloak)
rCorr    .         Rampage  .   (no gloves)
Will     .....                  (no boots)
Stlth    ++........             (no amulet)
HPRegen  0.00/turn              (no ring)
MPRegen  0.08/turn              (no ring)

@: no status effects
A: claws 1, cold resistance 1, negative energy resistance 3, inhibited
regeneration, torment resistance, unbreathing
a: no special abilities


You were on level 2 of the Dungeon.
You visited 1 branch of the dungeon, and saw 2 of its levels.

You collected 39 gold pieces.

Inventory:

Hand Weapons
 a - a +0 falchion (weapon)
Armour
 b - a +0 robe (worn)
Scrolls
 c - 2 scrolls of enchant armour {unknown}
 d - 2 scrolls of identify {unknown}
 f - a scroll of magic mapping {unknown}
 h - a scroll of blinking {unknown}
 j - a scroll of amnesia {unknown}
 k - a scroll of remove curse {unknown}


   Skills:
 + Level 3.7 Fighting
 * Level 3.3 Long Blades
 * Level 1.8 Armour
 * Level 3.4 Dodging
 - Level 2.1 Stealth


You had 3 spell levels left.
You didn't know any spells.
Your spell library was empty.

Dungeon Overview and Level Annotations

Branches:
Dungeon (2/15)

Altars:


Innate Abilities, Weirdness & Mutations

You thrive by killing the living.
You are immune to poison.
You have sharp fingernails.
Your flesh is cold resistant. (rC+)
You are immune to negative energy. (rN+++)
You do not regenerate when monsters are visible.
You are immune to unholy pain and torment.
You can survive without breathing.


Message History

You hit the gnoll but do no damage. The gnoll barely misses you.
You hit the gnoll.
The gnoll is lightly wounded.
The gnoll hits you but does no damage.
It was a potion of mutation.
You feel extremely strange.
Your body decomposes!
You feel weakened.
Your body decomposes!
You feel clumsy.
Your body decomposes!
You feel clumsy. The gnoll closely misses you.
It was a potion of lignification.
You feel woody for a moment. The gnoll hits you with a +0 flail!
* * * LOW HITPOINT WARNING * * *
The leopard gecko hisses menacingly.
There is a stone staircase leading down here.
The gnoll closely misses you. The gnoll hits you with a +0 flail!
You die...

.P....##.#.......#.......#####.#
...#####.#.......##.....######.#
..## ##.#............†.....##.#
l## ##...#####..###...####.##.#
g#####.....# #..# ##.## #.##.#
.##........# #..# #.# #.##.#
.##>##.....# #..# #.# #.##.#
.l..###...g# #..####.#####.##.#
##### ##.#.# #.@...#..........#
#.#.####g.P..........####
#.#...g.l.8.####.##..#
#.......8.P.##....)..#####
##############............
#..8...###### #......# #.....##
#######


You could see 2 gnolls and a leopard gecko.

Vanquished Creatures
  2 gnolls (D:2)
  An adder (D:2)
  An ooze (D:2)
  2 adder zombies (D:2)
  An adder skeleton (D:2)
  2 worms (D:2)
  A dart slug (D:2)
  3 leopard geckos
  6 bats
  A bat zombie (D:2)
  2 giant cockroaches
  4 goblins (D:1)
  4 hobgoblins
  3 jackals (D:1)
  4 kobolds
  A quokka (D:2)
  A ball python (D:2)
  A ball python skeleton (D:2)
  3 frilled lizards (D:1)
  A jackal zombie (D:2)
  6 rats
50 creatures vanquished.

Notes
Turn   | Place    | Note
-------+----------+-------------------------------------------
     0 | D:1      | Borgoz the Ghoul Monk began the quest for the Orb.
     0 | D:1      | Reached XP level 1. HP: 19/19 MP: 0/0
   106 | D:1      | Reached XP level 2. HP: 26/26 MP: 1/1
   691 | D:1      | Reached skill level 1 in Armour
   698 | D:1      | Reached XP level 3. HP: 31/31 MP: 2/2
  1411 | D:2      | Reached XP level 4. HP: 36/38 MP: 3/3
  1824 | D:2      | Slain by a gnoll

Illustrated notes

Levels and vault maps discovered:
D:1:      dpeg_arrival_refuge, layout_basic
D:2:      layout_loops_ring, serial_undead, serial_undead_c, serial_undead_c,
          serial_undead_f, serial_undead_f, serial_undead_c, serial_undead_d,
          minmay_tetromino_o4

Skill      XL: |  1  2 |
---------------+-------+-----
Long Blades    | 3 |  3.3
Dodging        | 3 |  3.4
Armour         | 1 |  1.8
Fighting       | |  3.7
Stealth        | |  2.1

Action                   |  1- 3 |  4- 6 || total
-------------------------+-------+-------++-------
Melee: Falchion          |   116 |    62 ||   178
  Use: Potion            |       |     3 ||     3
 Stab: Sleeping          |     2 |     1 ||     3
Armor: Robe              |    19 |     8 ||    27
Dodge: Dodged            |    96 |    52 ||   148
       Rpst.: Falchion   |    30 |     9 ||    39
